[Event "Titled Tuesday Blitz April 18 Early 2023"]
[White "Bacrot, Etienne"]
[Black "Bodi, Tibor"]
[WhiteFideId "605506"]
[BlackFideId "701084"]
[WhiteElo "2663"]
[BlackElo "2187"]
[Result "0-1"]
[Round "05"]
[TimeControl "180+2"]
[Date "2023.04.18"]
[WhiteClock "0:00:02"]
[BlackClock "0:00:06"]

1. e4 Nf6 2. e5 Nd5 3. Nf3 d6 4. exd6 cxd6 5. d4 g6 6. h3 Bg7 7. Bc4 Nb6 8. Bb3 O-O 9. O-O Nc6 10. c3 e5 11. Bg5 Qc7 12. Na3 a6 13. Re1 h6 14. Be3 Kh7 15. Qe2 f5 16. dxe5 dxe5 17. Bc5 e4 18. Nd4 Rf6 19. Rad1 Nd7 20. Qc4 Qd8 21. Nxc6 Rxc6 22. Qd5 Qe8 23. Bd4 Nf6 24. Bxf6 Rxf6 25. Nc4 Qc6 26. Qxc6 Rxc6 27. Nd6 h5 28. Nxc8 Raxc8 29. Rd7 R8c7 30. Red1 Kh6 31. Rd8 b5 32. a3 a5 33. Bd5 Rc5 34. Rd6 b4 35. cxb4 axb4 36. axb4 Rc2 37. b5 Rxb2 38. b6 Rcc2 39. Bf7 Rxf2 40. Rxg6+ Kh7 41. h4 e3 42. Rd7 Rb1+ 43. Kh2 Be5+ 0-1


[Site "https://www.chess.com"]

[Event "Titled Tuesday Blitz April 18 Early 2023"]
[White "Rustemov, Alexander"]
[Black "Tregubov, Pavel V."]
[WhiteFideId "4119002"]
[BlackFideId "4115341"]
[WhiteElo "2858"]
[BlackElo "2425"]
[Result "1-0"]
[Round "05"]
[TimeControl "180+2"]
[Date "2023.04.18"]
[WhiteClock "0:00:30"]
[BlackClock "0:00:17"]

1. d4 Nf6 2. c4 e6 3. Nf3 Bb4+ 4. Bd2 Qe7 5. g3 Bxd2+ 6. Qxd2 Nc6 7. b3 O-O 8. Bg2 d6 9. Nc3 e5 10. O-O Bg4 11. d5 Nb8 12. Ne1 a5 13. e4 Na6 14. Nd3 b6 15. Rae1 Bc8 16. f4 Nd7 17. f5 Nac5 18. Nf2 Ba6 19. Bf3 Rab8 20. Be2 h6 21. h4 Nf6 22. Kh2 Nh7 23. Qe3 Bb7 24. Rg1 c6 25. dxc6 Bxc6 26. Rd1 Rfd8 27. Rd2 Rd7 28. Rgd1 Nf6 29. Bf3 b5 30. cxb5 Bxb5 31. g4 Nh7 32. g5 hxg5 33. Rg1 gxh4 34. Nh3 Bc6 35. Rdg2 f6 36. Rg4 a4 37. Rxh4 axb3 38. Qh6 Ng5 39. Qh8+ 1-0


[Site "https://www.chess.com"]

[Event "Titled Tuesday Blitz April 18 Early 2023"]
[White "Kucuksari, Kaan"]
[Black "Kravtsiv, Martyn"]
[WhiteFideId "6380166"]
[BlackFideId "14113147"]
[WhiteElo "2364"]
[BlackElo "2695"]
[Result "1-0"]
[Round "05"]
[TimeControl "180+2"]
[Date "2023.04.18"]
[WhiteClock "0:00:08"]
[BlackClock "0:00:27"]

1. d4 d5 2. c4 Nf6 3. cxd5 Nxd5 4. e4 Nb6 5. Nc3 g6 6. Nf3 Bg7 7. Be2 O-O 8. Be3 Bg4 9. e5 Nc6 10. O-O Nb4 11. h3 Bf5 12. Rc1 N4d5 13. Bg5 Qd7 14. Qd2 Rac8 15. Rfd1 Rfd8 16. g4 Nxc3 17. bxc3 Be4 18. Qe3 Bxf3 19. Bxf3 Nc4 20. Qe2 b5 21. a4 c6 22. Bg2 e6 23. Bxd8 Qxd8 24. axb5 cxb5 25. d5 exd5 26. Bxd5 Qe7 27. e6 f5 28. Bxc4 bxc4 29. Rd7 Qg5 30. Rb1 fxg4 31. hxg4 Bxc3 32. Rbb7 Be5 33. e7 Re8 34. Rd8 Rxd8 35. exd8=Q+ Qxd8 36. Qxe5 Qc8 37. Qd5+ 1-0


[Site "https://www.chess.com"]

[Event "Titled Tuesday Blitz April 18 Early 2023"]
[White "Kozin, Yuri"]
[Black "Costachi, Mihnea"]
[WhiteFideId "4129920"]
[BlackFideId "1217518"]
[WhiteElo "2627"]
[BlackElo "2456"]
[Result "1-0"]
[Round "05"]
[TimeControl "180+2"]
[Date "2023.04.18"]
[WhiteClock "0:00:56"]
[BlackClock "0:00:22"]

1. e4 e5 2. Nf3 Nc6 3. Bb5 a6 4. Ba4 Nf6 5. O-O Be7 6. Re1 b5 7. Bb3 O-O 8. a4 Rb8 9. d3 d6 10. h3 h6 11. Nbd2 Na5 12. Ba2 bxa4 13. Nc4 Nc6 14. Bb1 Re8 15. Rxa4 Bf8 16. c3 d5 17. exd5 Nxd5 18. Ncxe5 Nxe5 19. Rxe5 Rxe5 20. Nxe5 Nxc3 21. bxc3 Rxb1 22. Qc2 Rb5 23. d4 Bd6 24. Bf4 Qf6 25. Bg3 Bf5 26. Qd2 Rb1+ 27. Kh2 Bxe5 28. Bxe5 Qc6 29. Rb4 Rxb4 30. cxb4 Qc4 31. Qf4 Be6 32. Qg3 g5 33. Qf3 Kf8 34. Qf6 Ke8 35. Qxh6 Qxb4 36. Qxg5 Kd7 37. h4 a5 38. h5 a4 39. h6 a3 40. d5 Bxd5 41. h7 Qe4 42. h8=Q a2 43. Qhd8+ Kc6 44. Qa8+ Kb5 45. Qb8+ Kc4 46. Qc1+ Kd3 47. Qb5+ Bc4 48. Qd1# 1-0


[Site "https://www.chess.com"]

[Event "Titled Tuesday Blitz April 18 Early 2023"]
[White "Kukhmazov, Arsen"]
[Black "Sadykov, Ramil"]
[WhiteFideId "24108260"]
[BlackFideId "24113590"]
[WhiteElo "2396"]
[BlackElo "2245"]
[Result "1/2-1/2"]
[Round "05"]
[TimeControl "180+2"]
[Date "2023.04.18"]
[WhiteClock "0:01:02"]
[BlackClock "0:00:03"]

1. d4 d5 2. c4 e6 3. Nc3 Nf6 4. Bg5 Be7 5. e3 O-O 6. Qc2 a6 7. Nf3 Nbd7 8. cxd5 exd5 9. Bd3 h6 10. Bf4 c5 11. O-O cxd4 12. Nxd4 Nc5 13. Rfd1 Nxd3 14. Qxd3 Bg4 15. Rd2 Qb6 16. Be5 Rfd8 17. Nf5 Bxf5 18. Qxf5 Qe6 19. Qxe6 fxe6 20. Rc2 Rac8 21. Rac1 Kf7 22. Na4 Rxc2 23. Rxc2 Nd7 24. Bg3 b5 25. Nc3 Rc8 26. Rc1 Bf6 27. Bd6 Bxc3 28. bxc3 Rc6 29. Bb4 Nb6 30. Ba5 Nc4 31. Bd8 g5 32. h4 Ke8 33. hxg5 Kxd8 34. gxh6 e5 35. Rd1 Rxh6 36. Rxd5+ Kc7 37. f4 exf4 38. exf4 Rd6 39. Rc5+ Rc6 40. Rh5 Nd6 41. f5 Rxc3 42. f6 Rc2 43. f7 Nxf7 44. Rh7 Kb6 45. Rxf7 Rxa2 46. g4 b4 47. Rf8 Ra5 48. Kg2 Kc5 49. Rf5+ Kb6 50. Rf6+ Kc7 51. Rf7+ Kd6 52. Rf6+ Ke7 53. Rb6 Rb5 54. Rxa6 b3 55. Ra1 Kf6 56. Kf3 Kg5 57. Rh1 Kg6 58. Ke4 b2 59. Rb1 Kg5 60. Kd3 Kxg4 61. Kc2 Rb8 62. Rxb2 Rxb2+ 63. Kxb2 1/2-1/2


[Site "https://www.chess.com"]

[Event "Titled Tuesday Blitz April 18 Early 2023"]
[White "Zarubitski, Viachaslau"]
[Black "Licznerski, Lukasz"]
[WhiteFideId "13509373"]
[BlackFideId "1179250"]
[WhiteElo "2284"]
[BlackElo "2450"]
[Result "0-1"]
[Round "05"]
[TimeControl "180+2"]
[Date "2023.04.18"]
[WhiteClock "0:00:01"]
[BlackClock "0:00:21"]

1. Nf3 Nf6 2. g3 g6 3. Bg2 Bg7 4. O-O d5 5. d3 O-O 6. Nbd2 c5 7. e4 Nc6 8. Re1 e5 9. exd5 Nxd5 10. Nc4 Re8 11. a4 b6 12. c3 h6 13. Bd2 Qc7 14. Nfxe5 Nxe5 15. Bxd5 Bg4 16. f3 Rad8 17. fxg4 Rxd5 18. Nxe5 Rexe5 19. Qf3 Qd7 20. Rxe5 Bxe5 21. Bxh6 Rxd3 22. Qe2 Bxg3 23. hxg3 Rxg3+ 24. Kf2 Rxg4 25. Rd1 Qf5+ 26. Qf3 Qc8 27. Rd8+ Qxd8 28. Qxg4 Qd3 29. Qe2 Qd7 30. Bf4 Qxa4 31. Qe8+ Qxe8 32. Be3 Qe4 0-1


[Site "https://www.chess.com"]

[Event "Titled Tuesday Blitz April 18 Early 2023"]
[White "Mammadov, Zaur"]
[Black "Kim, Sergey"]
[WhiteFideId "13401033"]
[BlackFideId "13700570"]
[WhiteElo "2441"]
[BlackElo "2624"]
[Result "1-0"]
[Round "05"]
[TimeControl "180+2"]
[Date "2023.04.18"]
[WhiteClock "0:02:32"]
[BlackClock "0:02:21"]

1. e4 e5 2. Nf3 Nc6 3. Nc3 Nf6 4. Be2 g6 5. d4 exd4 6. Nxd4 d6 7. Bg5 Bg7 8. Nxc6 bxc6 9. e5 dxe5 10. Qxd8+ Kxd8 11. O-O-O+ Ke7 12. Bf3 h6 13. Bxc6 Rb8 14. Be3 Be6 15. Bc5# 1-0


[Site "https://www.chess.com"]

[Event "Titled Tuesday Blitz April 18 Early 2023"]
[White "wqws"]
[Black "Samsonkin, Artiom"]
[BlackFideId "13503111"]
[WhiteElo "2595"]
[BlackElo "2524"]
[Result "0-1"]
[Round "05"]
[TimeControl "180+2"]
[Date "2023.04.18"]
[WhiteClock "0:00:15"]
[BlackClock "0:00:23"]

1. e4 c5 2. Nf3 d6 3. d4 cxd4 4. Nxd4 Nf6 5. Nc3 g6 6. Be3 Bg7 7. f3 Nc6 8. Qd2 O-O 9. O-O-O d5 10. exd5 Nxd5 11. Nxc6 bxc6 12. Bd4 Bxd4 13. Qxd4 Qb6 14. Na4 Qa5 15. b3 Qc7 16. Bc4 Rd8 17. Kb2 Bf5 18. Bxd5 Rxd5 19. Qc3 Rxd1 20. Rxd1 Qxh2 21. Qxc6 Rc8 22. Qb7 Qxg2 23. Rc1 Rxc2+ 24. Rxc2 Qxc2+ 25. Ka3 Qc1+ 26. Kb4 Qd2+ 27. Ka3 Qd6+ 28. Kb2 Qe5+ 29. Ka3 a5 30. Qa8+ Kg7 31. Qa7 h5 32. Nc5 h4 33. Qxa5 h3 34. Qb4 h2 35. f4 Qd5 36. Qc3+ f6 37. Qe3 h1=Q 38. Qxe7+ Qf7 39. Qd6 Qc1+ 40. Kb4 Qe1+ 41. Ka3 Qa7+ 42. Na6 Qae7 43. Qxe7+ Qxe7+ 0-1


[Site "https://www.chess.com"]

[Event "Titled Tuesday Blitz April 18 Early 2023"]
[White "Mekhitarian, Krikor Sevag"]
[Black "Skatchkov, Valery"]
[WhiteFideId "2107660"]
[BlackFideId "24195812"]
[WhiteElo "2604"]
[BlackElo "2262"]
[Result "0-1"]
[Round "05"]
[TimeControl "180+2"]
[Date "2023.04.18"]
[WhiteClock "0:00:08"]
[BlackClock "0:00:35"]

1. Nf3 d5 2. c4 e6 3. e3 dxc4 4. Bxc4 Nf6 5. O-O c5 6. b3 a6 7. Bb2 b5 8. Be2 Bb7 9. a4 b4 10. d3 Nbd7 11. Nbd2 Be7 12. e4 O-O 13. Nc4 a5 14. Rc1 Qc7 15. Rc2 Rad8 16. Qa1 Nb8 17. Be5 Qd7 18. Nxa5 Ba6 19. Nc4 Nc6 20. Bb2 Qa7 21. Rfc1 h6 22. h3 Qa8 23. g3 Bb7 24. Nce5 Na5 25. Nd2 Ba6 26. Nec4 Bxc4 27. Rxc4 Nxc4 28. Nxc4 Qa7 29. Kg2 Rd7 30. Ne5 Rc7 31. Qb1 Rd8 32. Qc2 Ne8 33. f4 Nd6 34. h4 Bf6 35. Bf3 Nb7 36. Kh3 Qa6 37. Be2 Bxe5 38. Bxe5 Rcd7 39. Rd1 Na5 40. Bb2 Qc6 41. g4 f5 42. Bf3 c4 43. bxc4 fxe4 44. Bxe4 Qxe4 45. dxe4 Rxd1 46. g5 h5 0-1


[Site "https://www.chess.com"]

[Event "Titled Tuesday Blitz April 18 Early 2023"]
[White "Rodshtein, Maxim"]
[Black "Shohat, Yotam"]
[WhiteFideId "2806851"]
[BlackFideId "2813955"]
[WhiteElo "2555"]
[BlackElo "2226"]
[Result "1-0"]
[Round "05"]
[TimeControl "180+2"]
[Date "2023.04.18"]
[WhiteClock "0:01:00"]
[BlackClock "0:00:01"]

1. e4 c5 2. Nf3 d6 3. b3 Nf6 4. Nc3 Nc6 5. Bb2 Bg4 6. h3 Bxf3 7. Qxf3 a6 8. Nd5 Nd4 9. Nxf6+ gxf6 10. Qd3 Qb6 11. c3 Nc6 12. g3 O-O-O 13. Bg2 e6 14. O-O h5 15. h4 Be7 16. Qe3 Kb8 17. d4 cxd4 18. cxd4 Rc8 19. Rad1 Nb4 20. a3 Nc2 21. Qd3 Rc7 22. Rd2 Rhc8 23. Rc1 Nb4 24. Qb1 Rxc1+ 25. Bxc1 Nc6 26. d5 Nd4 27. b4 e5 28. Bb2 Rc4 29. Qd3 Qc7 30. Bf1 b5 31. Be2 Nxe2+ 32. Qxe2 f5 33. exf5 Qd7 34. Qxh5 Qc8 35. Qxf7 Bd8 36. Qe6 1-0


[Site "https://www.chess.com"]

[Event "Titled Tuesday Blitz April 18 Early 2023"]
[White "Fier, Alexandr"]
[Black "Tomaszewski, Kacper"]
[WhiteFideId "2107139"]
[BlackFideId "1127373"]
[WhiteElo "2610"]
[BlackElo "2211"]
[Result "1-0"]
[Round "05"]
[TimeControl "180+2"]
[Date "2023.04.18"]
[WhiteClock "0:02:41"]
[BlackClock "0:00:59"]

1. d4 g6 2. h4 h6 3. h5 g5 4. e4 Bg7 5. f4 gxf4 6. Nf3 d5 7. Nc3 dxe4 8. Nxe4 Bf5 9. Bd3 e6 10. Bxf4 Nc6 11. c3 Nge7 12. Qe2 Nd5 13. Bh2 Qe7 14. O-O-O O-O-O 15. Nc5 Bxd3 16. Qxd3 Nf6 17. Qb5 Na5 18. Qxa5 1-0


[Site "https://www.chess.com"]

[Event "Titled Tuesday Blitz April 18 Early 2023"]
[White "Taichman, Ori"]
[Black "Hambleton, Aman"]
[WhiteFideId "2804069"]
[BlackFideId "2606577"]
[WhiteElo "2237"]
[BlackElo "2511"]
[Result "1-0"]
[Round "05"]
[TimeControl "180+2"]
[Date "2023.04.18"]
[WhiteClock "0:00:24"]
[BlackClock "0:00:01"]

1. e4 b6 2. d4 Bb7 3. Bd3 e6 4. Nf3 d5 5. e5 Ba6 6. Bxa6 Nxa6 7. c4 Nb8 8. cxd5 Qxd5 9. Nc3 Qd7 10. O-O Ne7 11. Ng5 Nbc6 12. Be3 h6 13. Nge4 Nb4 14. Rc1 Rc8 15. f4 Nbd5 16. Nxd5 Nxd5 17. Qd3 g6 18. Qa6 Nxe3 19. Nf6+ Kd8 20. Nxd7 Kxd7 21. Rf3 Nd5 22. Qxa7 Be7 23. Qb7 Rb8 24. Qc6+ Kc8 25. a3 Rd8 26. Rf2 Rb7 27. g3 Kb8 28. Rfc2 h5 29. Rc4 b5 30. Rc5 Rb6 31. Rxd5 1-0


[Site "https://www.chess.com"]

[Event "Titled Tuesday Blitz April 18 Early 2023"]
[White "Szpar, Milosz"]
[Black "Horak, Martin"]
[WhiteFideId "1184989"]
[BlackFideId "367095"]
[WhiteElo "2436"]
[BlackElo "2091"]
[Result "1-0"]
[Round "05"]
[TimeControl "180+2"]
[Date "2023.04.18"]
[WhiteClock "0:00:19"]
[BlackClock "0:00:09"]

1. e4 c5 2. Nf3 Nc6 3. Bb5 d6 4. O-O Bd7 5. Re1 Nf6 6. c3 a6 7. Ba4 b5 8. Bc2 Bg4 9. h3 Bh5 10. d3 Ne5 11. Nbd2 Nfd7 12. d4 Nxf3+ 13. Nxf3 cxd4 14. cxd4 e6 15. Bf4 Be7 16. Qd3 O-O 17. Rac1 Rc8 18. Bb1 Qb6 19. Be3 d5 20. exd5 Bg6 21. Qb3 exd5 22. Bxg6 hxg6 23. Qxd5 Nf6 24. Qb3 Qb7 25. Bg5 Rxc1 26. Rxc1 Qd5 27. Qxd5 Nxd5 28. Bxe7 Nxe7 29. Kf1 Rd8 30. Ke2 f6 31. g3 g5 32. Rc7 Kf8 33. Ra7 Rd6 34. Kd3 Nc6 35. Ra8+ Kf7 36. a3 Ne5+ 37. Nxe5+ fxe5 38. Ke4 exd4 39. Kd3 Ke6 40. Re8+ Kd5 41. Re4 Kc5 42. b4+ Kc6 43. Rxd4 Rf6 44. Ke3 Re6+ 45. Re4 Rf6 46. Re5 Kb6 47. Rxg5 Rc6 48. Kd2 a5 49. bxa5+ Kxa5 50. Rxg7 Ka4 51. Ra7+ Kb3 52. h4 Rc2+ 53. Ke3 Rc3+ 54. Kf4 Rc4+ 55. Kg5 Ra4 56. Rb7 Kc4 57. h5 Rxa3 58. h6 Ra2 59. h7 Ra8 60. Kg6 b4 61. Kg7 b3 62. h8=Q Rxh8 63. Kxh8 1-0


[Site "https://www.chess.com"]

[Event "Titled Tuesday Blitz April 18 Early 2023"]
[White "Harsh Suresh"]
[Black "Bilan, Danila"]
[WhiteFideId "45018464"]
[BlackFideId "24161918"]
[WhiteElo "2227"]
[BlackElo "2182"]
[Result "1-0"]
[Round "05"]
[TimeControl "180+2"]
[Date "2023.04.18"]
[WhiteClock "0:01:18"]
[BlackClock "0:00:01"]

1. e4 c6 2. d3 d5 3. Nd2 e5 4. Ngf3 Bd6 5. g3 Nf6 6. Bg2 Bg4 7. O-O dxe4 8. dxe4 O-O 9. h3 Bh5 10. g4 Bg6 11. Nh4 Qc7 12. Nf5 Bc5 13. Qe2 Nbd7 14. Nb3 Rfe8 15. g5 Nh5 16. Nxc5 Nxc5 17. Be3 Ne6 18. h4 Nhf4 19. Qc4 Bh5 20. Ng3 Bg4 21. Kh2 Nxg2 22. Kxg2 Nf4+ 23. Kh2 Bf3 24. Qb3 Ne2 25. Nxe2 Bxe2 26. Rfe1 Bf3 27. Bxa7 Bxe4 28. Bb6 Qd7 29. Rxe4 Qf5 30. Ree1 1-0


[Site "https://www.chess.com"]

[Event "Titled Tuesday Blitz April 18 Early 2023"]
[White "Gubajdullin, Alexei"]
[Black "Galchenko, Matvey"]
[WhiteFideId "4141202"]
[BlackFideId "24175480"]
[WhiteElo "2279"]
[BlackElo "2423"]
[Result "0-1"]
[Round "05"]
[TimeControl "180+2"]
[Date "2023.04.18"]
[WhiteClock "0:00:04"]
[BlackClock "0:00:07"]

1. c4 e6 2. Nf3 d5 3. b3 Nf6 4. g3 dxc4 5. bxc4 b6 6. Bg2 Bb7 7. O-O c5 8. Nc3 Be7 9. a4 Nc6 10. Ne5 Qc8 11. Nxc6 Bxc6 12. a5 Bxg2 13. Kxg2 O-O 14. d3 Nd7 15. Bd2 Bf6 16. axb6 axb6 17. Qb3 h5 18. Qb5 h4 19. f3 Qc7 20. Ra4 Rxa4 21. Qxa4 Ne5 22. Ne4 Ng6 23. Rb1 Bd4 24. Qa6 f5 25. Ng5 Qe5 26. e4 fxe4 27. dxe4 Bc3 28. Be3 Ba5 29. Qb7 Qf6 30. Qd7 Ne5 31. Qxe6+ Qxe6 32. Nxe6 Rxf3 33. Bf4 h3+ 34. Kxh3 Nxc4 35. Rd1 Rf2 36. Rd7 Bc3 37. Ng5 Kf8 38. Ne6+ Ke8 39. Rb7 g6 40. Bg5 Bf6 41. Bf4 Rb2 42. Nc7+ Kd8 43. Nd5 Bd4 44. Bg5+ Kc8 45. Rc7+ Kb8 46. Bf4 Be5 47. Re7 Bxf4 48. gxf4 Re2 49. e5 b5 50. e6 b4 51. Re8+ Kb7 52. e7 Nd6 53. Rd8 Kc6 54. Nf6 Rxe7 55. Rb8 Rb7 56. Rd8 b3 57. Ng4 b2 58. Ne5+ Kd5 59. Nf7 Rxf7 60. Rb8 Rb7 61. Rf8 b1=Q 62. f5 Nxf5 63. Rd8+ Nd6 64. Kg4 Qf5+ 65. Kg3 Rb3+ 66. Kg2 Qf3+ 67. Kg1 Rb1# 0-1


[Site "https://www.chess.com"]

[Event "Titled Tuesday Blitz April 18 Early 2023"]
[White "b_6"]
[Black "Csonka, Balazs"]
[BlackFideId "742910"]
[WhiteElo "2484"]
[BlackElo "2404"]
[Result "1/2-1/2"]
[Round "05"]
[TimeControl "180+2"]
[Date "2023.04.18"]
[WhiteClock "0:00:19"]
[BlackClock "0:00:11"]

1. c4 e6 2. g3 d5 3. Bg2 d4 4. Nf3 Nc6 5. O-O e5 6. d3 a5 7. e3 Be7 8. exd4 exd4 9. Re1 Nf6 10. Na3 O-O 11. Nb5 Bc5 12. Bf4 Bb6 13. Ne5 Ne7 14. Rc1 a4 15. c5 Ba5 16. Bd2 Nf5 17. Rc4 c6 18. Nd6 Bxd2 19. Qxd2 Nxd6 20. Rxd4 Nde4 21. dxe4 Qe7 22. Nd3 Be6 23. a3 Rfd8 24. Rxd8+ Rxd8 25. Qc3 Qd7 26. Rd1 Bb3 27. Rd2 Qe7 28. Nf4 Rxd2 29. Qxd2 Qxc5 30. Qd8+ Qf8 31. Qxf8+ Kxf8 32. e5 Nd7 33. Nd3 Bc4 34. Be4 Bxd3 35. Bxd3 Nxe5 36. Bc2 Nc4 37. Bxa4 Nxb2 38. Bc2 h6 39. f4 Ke7 40. Kf2 Kd6 41. Ke2 Nc4 42. Bb3 Nxa3 43. Bxf7 c5 44. Kd3 b5 45. g4 c4+ 46. Kc3 Kc5 47. h4 b4+ 48. Kb2 Nb5 49. g5 Nd4 50. Bg6 b3 51. gxh6 gxh6 52. f5 Kb4 53. f6 c3+ 54. Kc1 b2+ 55. Kb1 Ne6 56. Bf5 Nf8 57. Kc2 Kc4 58. Bd3+ Kd4 59. Bf5 Ke5 60. Bd3 Kxf6 61. Kxc3 Ke5 62. Kxb2 Kf4 63. h5 Kg5 64. Be2 Ne6 65. Kc1 Nf4 66. Kd2 Nxh5 67. Bxh5 Kxh5 68. Ke2 Kh4 69. Kf2 Kh3 70. Kg1 Kg3 71. Kh1 h5 72. Kg1 h4 73. Kh1 h3 74. Kg1 h2+ 75. Kh1 Kh3 1/2-1/2


[Site "https://www.chess.com"]

[Event "Titled Tuesday Blitz April 18 Early 2023"]
[White "Atakishiyev, Elmar"]
[Black "HamedWafa4"]
[WhiteFideId "13410547"]
[WhiteElo "2239"]
[BlackElo "2479"]
[Result "1-0"]
[Round "05"]
[TimeControl "180+2"]
[Date "2023.04.18"]
[WhiteClock "0:00:35"]
[BlackClock "0:00:05"]

1. c4 e6 2. e4 e5 3. Nf3 Nc6 4. Nc3 Bc5 5. g3 Nge7 6. Bg2 O-O 7. O-O d6 8. d3 Nd4 9. Nxd4 Bxd4 10. a3 Rb8 11. Kh1 f5 12. f4 Bxc3 13. bxc3 fxe4 14. Bxe4 Bf5 15. Bg2 exf4 16. Bxf4 Ng6 17. Be3 Qd7 18. Bxa7 Ra8 19. Bd4 Bh3 20. Rxf8+ Rxf8 21. Qe2 Bxg2+ 22. Qxg2 c5 23. Qd5+ Kh8 24. Bxc5 Qh3 25. Bg1 h6 26. Qxb7 Ne5 27. Qg2 Qf5 28. Qe4 Qh3 29. a4 Rf1 30. Qa8+ Kh7 31. Qe4+ Kh8 32. Rxf1 Qxf1 33. Qa8+ Kh7 34. Qg2 Qxd3 35. a5 Qxc4 36. Bd4 Ng4 37. Qe4+ Kh8 38. Bxg7+ 1-0


[Site "https://www.chess.com"]

[Event "Titled Tuesday Blitz April 18 Early 2023"]
[White "Wagner, Dennis"]
[Black "Akylbek2021"]
[WhiteFideId "24650684"]
[WhiteElo "2470"]
[BlackElo "2433"]
[Result "1-0"]
[Round "05"]
[TimeControl "180+2"]
[Date "2023.04.18"]
[WhiteClock "0:00:13"]
[BlackClock "0:00:01"]

1. d4 Nf6 2. Nf3 c5 3. d5 e6 4. Nc3 d6 5. e4 e5 6. a4 g6 7. Bb5+ Nbd7 8. O-O Bg7 9. Bd3 O-O 10. Nd2 a6 11. Nc4 Nb6 12. Ne3 Nh5 13. a5 Nd7 14. Nc4 Qe7 15. Re1 Rb8 16. Na4 Nf4 17. Bf1 Re8 18. g3 Nh5 19. Rb1 Bf8 20. b4 cxb4 21. Rxb4 Ng7 22. Ba3 f5 23. Rb3 Qf6 24. Nab6 fxe4 25. Rxe4 Nf5 26. Rf3 Nxb6 27. Nxb6 Qg5 28. h4 Qd8 29. Bb2 Bg7 30. h5 Rf8 31. hxg6 hxg6 32. Bh3 Bd7 33. Nxd7 Qxd7 34. Kg2 Qb5 35. Bc1 Rbc8 36. Bg5 Rc4 37. Qd3 Rxe4 38. Qxe4 Qxa5 39. c4 Qc7 40. Bxf5 gxf5 41. Rxf5 Rxf5 42. Qxf5 Qxc4 43. Qe6+ Kh8 44. Qxd6 Qe4+ 45. Kh2 Qf5 46. Be3 1-0


[Site "https://www.chess.com"]

[Event "Titled Tuesday Blitz April 18 Early 2023"]
[White "Rios Escobar, Adan"]
[Black "Sadhwani, Raunak"]
[WhiteFideId "3403645"]
[BlackFideId "35093487"]
[WhiteElo "2462"]
[BlackElo "2631"]
[Result "0-1"]
[Round "05"]
[TimeControl "180+2"]
[Date "2023.04.18"]
[WhiteClock "0:00:01"]
[BlackClock "0:00:19"]

1. d4 d6 2. g3 g6 3. Bg2 Bg7 4. e4 Nf6 5. Ne2 O-O 6. O-O Nc6 7. Nbc3 e5 8. dxe5 Nxe5 9. f4 Nc6 10. h3 Re8 11. g4 Nd7 12. Ng3 Nc5 13. a4 b6 14. e5 Bb7 15. exd6 cxd6 16. Nd5 Nd4 17. Ra3 Rc8 18. b4 Nd7 19. Rf2 a5 20. Rd3 Qh4 21. Kh2 Nc6 22. c3 axb4 23. cxb4 Nf6 24. Nxb6 Nxb4 25. Nxc8 Nxd3 26. Rc2 Bxg2 27. Kxg2 Ne1+ 28. Kh2 Nxc2 29. Nxd6 Rd8 30. g5 Rxd6 31. Qxd6 Qxg3+ 0-1


[Site "https://www.chess.com"]

[Event "Titled Tuesday Blitz April 18 Early 2023"]
[White "Danielyan, Vahe"]
[Black "Shimanov, Aleksandr"]
[WhiteFideId "13304828"]
[BlackFideId "4198603"]
[WhiteElo "2423"]
[BlackElo "2631"]
[Result "0-1"]
[Round "05"]
[TimeControl "180+2"]
[Date "2023.04.18"]
[WhiteClock "0:01:09"]
[BlackClock "0:01:49"]

1. e4 c6 2. d4 d5 3. e5 Bf5 4. h4 h6 5. g4 Bd7 6. Be3 h5 7. gxh5 Nh6 8. Bd3 Bg4 9. Qd2 e6 10. Ne2 Qb6 11. Nbc3 Bxh5 12. Nf4 Bg4 13. Rg1 Bf5 14. O-O-O Bxd3 15. Qxd3 Nf5 16. h5 Qa6 17. Qd2 Nd7 18. Kb1 b5 19. Rg5 Nb6 20. Rxf5 exf5 21. e6 b4 22. exf7+ Kxf7 23. Qd3 Qxd3 0-1


[Site "https://www.chess.com"]

[Event "Titled Tuesday Blitz April 18 Early 2023"]
[White "Bryant, John Daniel"]
[Black "Girya, Olga"]
[WhiteFideId "2031280"]
[BlackFideId "4195752"]
[WhiteElo "2455"]
[BlackElo "2263"]
[Result "1-0"]
[Round "05"]
[TimeControl "180+2"]
[Date "2023.04.18"]
[WhiteClock "0:00:05"]
[BlackClock "0:00:04"]

1. e4 e5 2. Nf3 Nc6 3. d4 exd4 4. Nxd4 Nf6 5. Nxc6 bxc6 6. e5 Qe7 7. Qe2 Nd5 8. c4 Ba6 9. Nd2 Nb4 10. Nf3 c5 11. a3 Nc6 12. Bd2 f6 13. exf6 gxf6 14. Bc3 Kf7 15. O-O-O Qxe2 16. Bxe2 Rg8 17. Rxd7+ Ke6 18. Rxc7 Rc8 19. Rxc8 Bxc8 20. Re1 Kf7 21. Nh4 Bg4 22. g3 Bxe2 23. Rxe2 Rg5 24. f4 Rh5 25. Kc2 Be7 26. f5 Rg5 27. Re6 Nb8 28. Re4 Nd7 29. Kd3 Rg8 30. b4 Rd8 31. Ke2 Nb6 32. b5 Na4 33. Bd2 a6 34. bxa6 Ra8 35. Ng2 Rxa6 36. Nf4 Rb6 37. Nd5 Rb7 38. Rxe7+ Rxe7+ 39. Nxe7 Kxe7 40. Kf3 Nb2 41. Be3 Nxc4 42. Bxc5+ Kd7 43. Bb4 Kc6 44. Kg4 Kd5 45. Kh5 Ke5 46. g4 Kf4 47. h3 Ne5 48. Bc3 Nd7 49. a4 Kg3 50. h4 Kf4 51. a5 Nc5 52. Bxf6 Ne4 53. Bd4 Ng3+ 54. Kh6 Kxg4 55. f6 Nf5+ 56. Kxh7 Nxd4 57. f7 Ne6 58. a6 Kxh4 59. a7 Ng5+ 60. Kg8 1-0


[Site "https://www.chess.com"]

[Event "Titled Tuesday Blitz April 18 Early 2023"]
[White "MKlose11"]
[Black "Anton Guijarro, David"]
[BlackFideId "2285525"]
[WhiteElo "2587"]
[BlackElo "2618"]
[Result "0-1"]
[Round "05"]
[TimeControl "180+2"]
[Date "2023.04.18"]
[WhiteClock "0:00:04"]
[BlackClock "0:00:20"]

1. e4 c5 2. Nc3 Nc6 3. g3 g6 4. Bg2 Bg7 5. d3 Rb8 6. Be3 d6 7. Qd2 b5 8. Nge2 b4 9. Nd1 Nf6 10. h3 O-O 11. Bh6 d5 12. Bxg7 Kxg7 13. exd5 Nxd5 14. Ne3 Be6 15. O-O Qd7 16. Rfe1 Rfe8 17. a3 b3 18. c3 Rbd8 19. Rad1 Nb6 20. Nf4 Qc8 21. Nxe6+ Qxe6 22. Ng4 Qd6 23. Qh6+ Kg8 24. Qe3 Nd7 25. Bxc6 Qxc6 26. d4 h5 27. Ne5 Nxe5 28. Qxe5 Rd5 29. Qe2 cxd4 30. Rxd4 Rxd4 31. cxd4 Qd7 32. Qe3 Qxh3 33. Qxb3 h4 34. Qf3 hxg3 35. Qxg3 Qd7 36. Qe5 e6 37. Kg2 Rd8 38. Rh1 Qd5+ 39. Qxd5 Rxd5 40. Rh4 f5 41. Kf3 Kg7 42. Ke3 a5 43. Rh1 Rb5 44. Rb1 Rb3+ 45. Kd2 a4 46. Kc2 Rf3 47. Rf1 g5 48. Kd2 g4 49. Ke2 Rb3 50. Rb1 Kf6 51. Kd2 f4 52. Ke2 Kf5 53. Kf1 f3 54. Kg1 Kf4 55. Re1 Rxb2 56. Rxe6 Rb1+ 57. Kh2 Rf1 58. d5 Rxf2+ 59. Kh1 Rd2 60. d6 Kg3 61. Re1 Rxd6 0-1


[Site "https://www.chess.com"]

[Event "Titled Tuesday Blitz April 18 Early 2023"]
[White "Indjic, Aleksandar"]
[Black "Munkhgal, Gombosuren"]
[WhiteFideId "911925"]
[BlackFideId "4901266"]
[WhiteElo "2614"]
[BlackElo "2528"]
[Result "1-0"]
[Round "05"]
[TimeControl "180+2"]
[Date "2023.04.18"]
[WhiteClock "0:01:13"]
[BlackClock "0:00:01"]

1. e4 e6 2. d4 d5 3. e5 c5 4. c3 Nc6 5. Nf3 Qb6 6. Be2 cxd4 7. cxd4 Nge7 8. Na3 Nf5 9. Nc2 Nb4 10. Ne3 Nxe3 11. Bxe3 Be7 12. O-O Bd7 13. a3 Nc6 14. b4 O-O 15. Qd2 f6 16. exf6 Bxf6 17. Rad1 a5 18. b5 Ne7 19. a4 Nf5 20. Bg5 Nd6 21. Bxf6 Ne4 22. Qe3 gxf6 23. Bd3 Nd6 24. Rc1 Rf7 25. Rc5 Qd8 26. Rfc1 Rc8 27. Qf4 b6 28. Qxd6 bxc5 29. dxc5 e5 30. Qxd5 Kg7 31. Qe4 Be6 32. Qxh7+ Kf8 33. Qh6+ Ke7 34. Bg6 Qf8 35. Qd2 Rd8 36. Qxa5 Qh6 37. Re1 Qxg6 38. c6 Bd5 39. Nh4 Qg4 40. g3 Rg7 41. c7 Rc8 42. b6 Ke6 43. Ng2 Qf3 44. Nf4+ Qxf4 45. b7 Bxb7 46. Qb6+ Kf5 47. Qxb7 Rgxc7 48. Qb1+ 1-0


[Site "https://www.chess.com"]